 Dungeon Crawl Stone Soup version 0.30-a0-123-g91d0c66ccf (webtiles) character file.

Game seed: 9378396042481578634

77 Zonian the Chiller (level 4, 0/30 HPs)
             Began as a Demonspawn Ice Elementalist on Sept 17, 2022.
             Succumbed to a kobold's poison
             ... on level 2 of the Dungeon.
             The game lasted 00:03:28 (3277 turns).

Zonian the Chiller (Demonspawn Ice Elementalist)    Turns: 3277, Time: 00:03:29

Health: 0/30       AC:  2    Str:  8    XL:     4   Next: 13%
Magic:  4/7        EV: 12    Int: 18    God:
Gold:   89         SH:  5    Dex: 14    Spells: 7/8 levels left

rFire   . . .      SeeInvis .    h - +0 dagger
rCold   . . .      Faith    .    (no shield)
rNeg    . . .      Spirit   .    a - +0 robe
rPois   .          Reflect  +    (no helmet)
rElec   .          Harm     .    (no cloak)
rCorr   .          Rampage  .    (no gloves)
Will    .....                    (no boots)
Stlth   ++........               c - amulet of reflection
HPRegen 0.10/turn                (no ring)
MPRegen 0.10/turn                (no ring)

@: brilliant, lethally poisoned (0 -> -6), attractive, hasted, very quick
A: powered by pain 2, demonic touch 1
a: no special abilities


You were on level 2 of the Dungeon.
You visited 1 branch of the dungeon, and saw 2 of its levels.

You collected 89 gold pieces.

Inventory:

Hand Weapons
 f - a +0 mace
 h - a +0 dagger (weapon)
Armour
 a - a +0 robe (worn)
Magical Staves
 m - a staff of conjuration
Jewellery
 c - an amulet of reflection (around neck)
 k - an amulet of the acrobat
Scrolls
 d - 2 scrolls of enchant armour {unknown}
 e - a scroll of amnesia {unknown}
 i - a scroll of noise {unknown}
 l - 3 scrolls of identify {unknown}
Potions
 b - a potion of magic


   Skills:
 + Level 2.5 Dodging
 + Level 2.6 Stealth
 + Level 2.6 Spellcasting
 + Level 4.0 Ice Magic


You had 7 spell levels left.
You knew the following spells:

 Your Spells              Type           Power      Damage    Failure   Level
a - Freeze                Ice            100%       1d11      3%          1

Your spell library contained the following spells:

 Spells                   Type           Power      Damage    Failure   Level
 Frozen Ramparts          Ice            50%        1d8       10%         3
 Ozocubu's Armour         Ice            25%        N/A       10%         3
 Hailstorm                Conj/Ice       14%        3d5       58%         4


Dungeon Overview and Level Annotations

Branches:
Dungeon (2/15)

Altars:

Shops:
D:2 :


Innate Abilities, Weirdness & Mutations

You sometimes gain power by taking damage.
Your touch may inflict minor irresistible damage on your foes.


Message History

You feel very sick. The bat hits you but does no damage.
The kobold hits you with a +1 dagger of venom.
You are more poisoned.
You freeze the kobold!
You kill the kobold!
You feel very sick. The bat hits you.
You are too injured to fight recklessly!
Unknown command.
It was a potion of haste.
You feel yourself speed up.
You feel very sick. The bat hits you but does no damage.
The endoplasm hits you.
* * * LOW HITPOINT WARNING * * *
It was a potion of attraction.
You feel attractive to monsters.
* * * LOW HITPOINT WARNING * * *
You feel sick. The bat barely misses you. The endoplasm hits you.
* * * LOW HITPOINT WARNING * * *
It was a potion of brilliance.
You feel clever all of a sudden.
* * * LOW HITPOINT WARNING * * *
You feel sick.
Casting: Freeze (safe; 3% risk of failure)
Confirm with . or Enter, or press ? or * to list all spells.
Aiming: Freeze (safe; 3% risk of failure)
Press: ? - help, Shift-Dir - straight line, f - endoplasm
Aim: an endoplasm You feel a surge of power!
You freeze the endoplasm!
You kill the endoplasm!
* * * LOW HITPOINT WARNING * * *
You feel sick. You block the bat's attack. The bat is attracted toward you.
Casting: Freeze (safe; 3% risk of failure)
Confirm with . or Enter, or press ? or * to list all spells.
Aiming: Freeze (safe; 3% risk of failure)
Press: ? - help, Shift-Dir - straight line, f - bat
Aim: a bat You feel a surge of power!
You freeze the bat!
You kill the bat!
You die...

#.....................)..
#.......####.......#..###
#..................##....
#......#####.[.....#####.
######## ##.....## #..
##.....#####.# ###
#.......##...#
#....######..........##<
#....ยง.@................
#.....).....>....#######
#....########...## #...
##### ###


There were no monsters in sight!

Vanquished Creatures
  3 adders (D:2)
  2 worms (D:2)
  A dart slug (D:1)
  A bat (D:2)
  3 endoplasms
  6 goblins
  5 hobgoblins
  3 quokkas (D:1)
  7 ball pythons
  2 frilled lizards (D:1)
  4 kobolds
  3 rats
40 creatures vanquished.

Notes
Turn   | Place    | Note
-------+----------+-------------------------------------------
     0 | D:1      | Zonian the Demonspawn Ice Elementalist began the quest for
                  | the Orb.
     0 | D:1      | Reached XP level 1. HP: 13/13 MP: 3/3
   129 | D:1      | Found a faded altar of an unknown god.
   505 | D:1      | Discovered your monstrous ancestry.
   505 | D:1      | Gained mutation: Your touch may inflict minor irresistible
                  | damage on your foes. [demonic ancestry]
   505 | D:1      | Reached XP level 2. HP: 16/19 MP: 3/5
  1718 | D:2      | Found Inaihog's Vocational Training.
  2340 | D:2      | Gained mutation: You sometimes gain a little power by
                  | taking damage. [demonic ancestry]
  2340 | D:2      | Reached XP level 3. HP: 24/24 MP: 4/6
  2755 | D:2      | Reached skill level 4 in Ice Magic
  3055 | D:2      | Gained mutation: You sometimes gain power by taking damage.
                  | [demonic ancestry]
  3055 | D:2      | Reached XP level 4. HP: 24/30 MP: 3/7
  3276 | D:2      | HP: 1/30 [poisoned by a kobold]
  3277 | D:2      | Succumbed to a kobold's poison

Illustrated notes

Levels and vault maps discovered:
D:1:      lemuel_arrival_funnel, layout_basic,
          hellmonk_ecumenical_altar_arch_garden
D:2:      layout_rooms, nicolae_shop_vocational

Skill      XL: |  1  2  3 |
---------------+----------+-----
Stealth        | 2 |  2.6
Dodging        | 2 |  2.5
Ice Magic      | 4 |  4.0
Spellcasting   | |  2.6

Action                   |  1- 3 |  4- 6 || total
-------------------------+-------+-------++-------
Melee: Dagger            |    29 |     2 ||    31
       Unarmed           |     1 |       ||     1
       Touch             |     1 |       ||     1
 Cast: Freeze            |    54 |     3 ||    57
  Use: Potion            |       |     3 ||     3
Armor: Robe              |     5 |     3 ||     8
Dodge: Dodged            |    32 |     1 ||    33
Block: Other             |    14 |     1 ||    15
       Reflection        |     1 |       ||     1

Table legend: (Time is in decaauts)
 A = Elapsed time spent in this place.
 B = Non-inter-level travel time spent in this place.
 C = Inter-level travel time spent in this place.
 D = Time resting spent in this place.
 E = Time spent auto-exploring this place.
 F = Levels seen in this place.
 G = Mean time per level.
                   A        B        C        D        E       F      G
               +--------+--------+--------+--------+--------+-----+--------+
         Total |   3275 |   3189 |     86 |   1108 |   1666 |   2 | 1637.5 |
       Dungeon |   3275 |   3189 |     86 |   1108 |   1666 |   2 | 1637.5 |
               +--------+--------+--------+--------+--------+-----+--------+

Top non-repeatable levels by time:
     D:1: 2266 daAuts
     D:2: 1009 daAuts
